AoeStats
← LC Ruben9

Pilgrims

507107839Analyzed
2v2 RM · 17d ago on Sep 16, 2026· 38m 8s· 4 players
Game mode
Random Map
Map size
Medium (4 player)
Population
200
Speed
Normal
Resources
Standard
Victory
Conquest
Starting age
Dark Age
Ending age
Imperial Age
RankedLock teamsTeams togetherTeam positionsShared explorationLock speedFull tech treeHidden civsTurbo modeCheats
Victory
Defeat
🇫🇮 Ethiopians · Finland
1105
+15
1088
+16
🇪🇸 Japanese · Spain
1120
-16
🇪🇸 Inca · Spain
1062
-15
Torfhildur Þorsteinsdóttir
6:37 Loom
9:36 Feudal Age
10:05 Horse Collar
11:55 Fishing Lines
17:50 Castle Age
16:29 Fletching
16:40 Padded Archer Armor
17:04 Bloodlines
18:50 Medium Warships
19:52 Husbandry
25:26 Wheelbarrow
25:08 Horse Collar
26:50 Leather Archer Armor
27:49 Heavy Plow
33:02 Imperial Age
30:19 Town Watch
32:16 Gold Mining
34:07 Conscription
33:51 Double-Bit Axe
36:29 Ring Archer Armor
36:26 Scale Barding Armor
37:06 Forging
37:31 Cavalier
38:13 Scale Mail Armor
KinE
4:49 Loom
14:24 Feudal Age
16:46 Double-Bit Axe
19:04 Castle Age
17:08 Fishing Lines
18:13 Fletching
18:51 Padded Archer Armor
19:57 Bodkin Arrow
20:21 Crossbowman
22:03 Leather Archer Armor
21:51 Squires
22:41 Gillnets
24:01 Forging
27:03 Bow Saw
30:43 Wheelbarrow
37:59 Thumb Ring
HVD Uplift9
3:30 Loom
12:08 Feudal Age
16:01 Castle Age
14:15 Double-Bit Axe
15:56 Scale Mail Armor
17:15 Forging
LC Ruben9
3:39 Loom
10:03 Feudal Age
13:57 Champi Runner
18:36 Castle Age
17:00 Horse Collar
18:26 Double-Bit Axe
19:20 Pikeman
23:14 Forging
23:05 Scale Mail Armor
28:02 Town Watch
32:07 Imperial Age
31:22 Bow Saw
31:13 Heavy Plow
31:08 Elite Skirmisher
32:52 Wheelbarrow
34:30 Conscription
34:52 Fletching
35:03 Padded Archer Armor
35:47 Thumb Ring
36:39 Bodkin Arrow
37:19 Champi Warrior
Connection lost

Rejoining the realm…

Still unreachable

The connection could not be restored.

Session expired

The server has moved on; the page needs a fresh start.